Workbook

Sheet BON DE COMMANDE
AB1: BON DE COMMANDE
AB3: ………………………………………………………
AB4: ………………………………………………………
A5: Notre commande N° : | J5: Date de commande : | AB5: ………………………………………………………
AB6: ………………………………………………………
A8: Nom contact fournisseur : | J8: Nom contact JBT : | AB8: Tél : …………………….. Fax : ……………………..
A12: Adresse de livraison : | AB12: Adresse de facturation :
R13: ………………………………… ………………………………… …………………………………
A18: N° de ligne | C18: Votre référence | G18: Désignation | R18: Qté | S18: PU (€ / HT) | V18: TOTAL (€ / HT) | Y18: Affectation
Y19: code matériel / ou centre | AB19: N° DP | AE19: N° DI | AH19: N° de compte
C20: =LISTE!A13 | G20: =LISTE!B1 -> BTE DE 100 ATTACHES PLASTIQ. PR ARCHIV. | R20: =LISTE!C1 -> 1 | S20: =LISTE!D1 -> 21.3 | V20: =IF(R20="",S20,R20*S20) -> 21.3
C21: =LISTE!A14 | G21: =LISTE!B2 -> ETUI 2 FACES 30X21 (/10) | R21: =LISTE!C2 -> 2 | S21: =LISTE!D2 -> 6.61 | V21: =IF(R21="",S21,R21*S21) -> 13.22
C22: =LISTE!A15 | G22: =LISTE!B3 -> BIC BLEU | R22: =LISTE!C3 -> 20 | S22: =LISTE!D3 -> 0.39 | V22: =IF(R22="",S22,R22*S22) -> 7.8
C23: =LISTE!A16 | G23: =LISTE!B4 -> BIC NOIR | R23: =LISTE!C4 -> 10 | S23: =LISTE!D4 -> 0.42 | V23: =IF(R23="",S23,R23*S23) -> 4.2
C24: =LISTE!A17 | G24: =LISTE!B5 -> BIC ROUGE | R24: =LISTE!C5 -> 10 | S24: =LISTE!D5 -> 0.42 | V24: =IF(R24="",S24,R24*S24) -> 4.2
C25: =LISTE!A18 | G25: =LISTE!B6 -> PILOT V BALL VERT 0,7 | R25: =LISTE!C6 -> 2 | S25: =LISTE!D6 -> 2.1 | V25: =IF(R25="",S25,R25*S25) -> 4.2
C26: =LISTE!A19 | G26: =LISTE!B7 -> PILOT V BALL ROUGE 0,7 | R26: =LISTE!C7 -> 2 | S26: =LISTE!D7 -> 2.1 | V26: =IF(R26="",S26,R26*S26) -> 4.2
C27: =LISTE!A20 | G27: =LISTE!B8 -> STABILO SWING COOL JAUNE /10 | R27: =LISTE!C8 -> 1 | S27: =LISTE!D8 -> 10.8 | V27: =IF(R27="",S27,R27*S27) -> 10.8
C28: =LISTE!A21 | G28: =LISTE!B9 -> STABILO SWING COOL BLEU /10 | R28: =LISTE!C9 -> 1 | S28: =LISTE!D9 -> 10.8 | V28: =IF(R28="",S28,R28*S28) -> 10.8
C29: =LISTE!A22 | G29: =LISTE!B10 -> STABILO SWING COOL VERT /10 | R29: =LISTE!C10 -> 1 | S29: =LISTE!D10 -> 10.8 | V29: =IF(R29="",S29,R29*S29) -> 10.8
C30: =LISTE!A23 | G30: =LISTE!B11 -> STABILO SWING COOL ROSE /10 | R30: =LISTE!C11 -> 1 | S30: =LISTE!D11 -> 10.8 | V30: =IF(R30="",S30,R30*S30) -> 10.8
G31: =LISTE!B12 -> MARQUEUR NOIR PERMANENT | R31: =LISTE!C12 -> 0 | S31: =LISTE!D12 -> 0.43 | V31: =IF(R31="",S31,R31*S31) -> 0
G32: =LISTE!B13 -> DEVIDOIR METAL | R32: =LISTE!C13 -> 2 | S32: =LISTE!D13 -> 17.55 | V32: =IF(R32="",S32,R32*S32) -> 35.1
G33: =LISTE!B14 -> TROMBONES 30mm BTE DE 100 | R33: =LISTE!C14 -> 6 | S33: =LISTE!D14 -> 0.41 | V33: =IF(R33="",S33,R33*S33) -> 2.46
G34: =LISTE!B15 -> REGLE 30cm | R34: =LISTE!C15 -> 4 | S34: =LISTE!D15 -> 0.35 | V34: =IF(R34="",S34,R34*S34) -> 1.4
G35: =LISTE!B16 -> POCHETTES PERFOREES | R35: =LISTE!C16 -> 0 | S35: =LISTE!D16 -> 5.05 | V35: =IF(R35="",S35,R35*S35) -> 0
G36: =LISTE!B17 -> POCHETTES DOCUMENT (A5) /250 | R36: =LISTE!C17 -> 3 | S36: =LISTE!D17 -> 24.5 | V36: =IF(R36="",S36,R36*S36) -> 73.5
G37: =LISTE!B18 -> ENV. BLANCHE 114X162 C6 | R37: =LISTE!C18 -> 1 | S37: =LISTE!D18 -> 12.9 | V37: =IF(R37="",S37,R37*S37) -> 12.9
G38: =LISTE!B19 -> DISQUETTES VERBATIM MF2HD #87410 | R38: =LISTE!C19 -> 3 | S38: =LISTE!D19 -> 5.74 | V38: =IF(R38="",S38,R38*S38) -> 17.22
G39: =LISTE!B20 -> BLOC RHODIA 8,5x12 | R39: =LISTE!C20 -> 4 | S39: =LISTE!D20 -> 0.88 | V39: =IF(R39="",S39,R39*S39) -> 3.52
G40: =LISTE!B21 -> ENV. BLANC. A FENETRE 162X229 /500 | R40: =LISTE!C21 -> 2 | S40: =LISTE!D21 -> 27.75 | V40: =IF(R40="",S40,R40*S40) -> 55.5
G41: =LISTE!B22 -> BLOC RHODIA A4 80 FEUILLES | R41: =LISTE!C22 -> 6 | S41: =LISTE!D22 -> 3.39 | V41: =IF(R41="",S41,R41*S41) -> 20.34
G42: =LISTE!B23 -> CLASSEUR GRIS DOS 8 CM | R42: =LISTE!C23 -> 3 | S42: =LISTE!D23 -> 2.04 | V42: =IF(R42="",S42,R42*S42) -> 6.12
... G52: =LISTE!B33 -> PACK 10 DVD-R 4,7GO 16X | R52: =LISTE!C33 -> 1 | S52: =LISTE!D33 -> 13.71 | V52: =IF(R52="",S52,R52*S52) -> 13.71
V53: =IF(R53="",S53,R53*S53) -> 0
A54: Montant total HT : | V54: =SUM(V20:X53) -> 603.91
A55: Montant total TVA (Taux de TVA = | R55: 20 | S55: %) : | V55: =(V54*(1+'BON DE COMMANDE'!R55/100))-V54 -> 120.782
A56: Montant total TTC : | V56: =V54+V55 -> 724.692
A59: Date de livraison :
A62: Conditions particulières : Livraison FRANCO de port | X62: Émargement :
X65: NOM :
A67: Veuillez accuser réception de cette commande sous 48h. - N° de commande à rappeler sur facture et bon de livraison - Conditions générales d’achats au verso -
A76: CONDITIONS GENERALES D’ACHAT
A83: I. Acceptation L’exécution des commandes par nos fournisseurs implique l’acceptation de nos conditions générales d’achat et la renonciation à se prévaloir des clauses de style imprimées sur leur propre papier commercial et notamment sur leur accusé de réception. II. Accusé de réception Les fournisseurs doivent obligatoirement accuser réception de nos commandes par retour de courrier. A défaut, le fournisseur est réputé en accord sur les détails, quantités, prix et délais indiqués sur notre bon de commande. III. Fournitures Les spécifications et plans mentionnés sur nos commandes ne pourront admettre aucune modification sans avoir fait l’objet d’un accord préalable écrit. Les « produits » ou matières livrées devront être exactement conformes aux spécifications de la commande et/ ou cahiers des charges et/ou plans, échantillons et modèles éventuellement mis à la disposition du fournisseur. IV. Prix Les prix indiqués sur nos commandes s’entendent hors taxes, fermes et non révisables, franco de port sauf stipulation contraire mentionnée sur la commande. V. Livraisons Les livraisons doivent être conformes à la nature et aux quantités stipulées sur nos bons de commande. Nous nous réservons la faculté de conserver tout excédent. Toute marchandise non accompagnée d’un bordereau de livraison mentionnant le n° et la date de commande, la référence, la quantité et la désignation des pièces / du produit livrés, pourra être retournée par nos services. Toute marchandise qui ne correspond pas aux spécifications de la commande et aux plans / cahier des charges, dans ses caractéristiques chimiques, physiques, mécaniques et d’aspect, pourra être retournée en port dû aux fournisseurs avant stockage. Mais s’il s’agit d’un vice caché qui ne peut être décelé qu’après usage, le retour aux frais du fournisseur sera effectué à n’importe quel moment sans qu’un délai de prescription puisse nous être opposé. Les frais occasionnés avant la découverte du vice caché seront à la charge du fournisseur. Les pièces ou matières rebutées par notre service contrôle réception ne seront remplacées par le fournisseur que si celui-ci reçoit un ordre de remplacement, sinon leur valeur sera déduite du montant de la facture. La date de livraison prescrite par la commande est la date d’arrivée des marchandises dans nos usines. Toutes les marchandises doivent être livrées franco de port et d’emballage et voyagent aux risques et périls du fournisseur, sauf stipulation contraire. Le transfert de risque et de responsabilité du matériel acheté se fait sur le lieu, au moment de la livraison, après le dépôt au sol dudit matériel. | W83: VI. Confidentialité Le fournisseur s’engage à considérer comme strictement confidentiels, les plans, échantillons et modèles confiés, ainsi que tout renseignement ou données dont il aurait connaissance à l’occasion de la commande et de son exécution, et s’interdit, en conséquence, de les divulguer à tout tiers et/ou de les utiliser pour la satisfaction de ses propres besoins, sauf pour la fabrication des produits de nos commandes. VII Suspension –Réduction –Annulation Nous nous réservons le droit de suspendre, réduire ou annuler tout ou partie de la commande par simple lettre : 1°) Si les livraisons n’ont pas été faites dans les délais fixés 2°) Si les marchandises livrées ne sont pas strictement conformes aux spécifications, plans, cahier des charges.. 3°) En cas de réduction, pour quelque raison que ce soit de notre activité. Ces suspensions, réduction ou annulation, s’entendent sans préjudice des dommages et intérêts qui pourraient éventuellement être réclamés. VIII. Délais Les délais de livraisons sont indiqués sur la commande. Toute modification de délai devra être acceptée par JB TECNICS. En cas de retard total ou partiel de la livraison JB TECNICS se réserve le droit de : 1°) Résilier la commande en tout ou partie après mise en demeure du fournisseur 2°) Réclamer des pénalités de retard. IX. Facturation Les factures doivent être établies en double exemplaires et rappeler le numéro et la date de nos commandes. Elles doivent nous parvenir au plus tard huit jours après la livraison des marchandises. X Règlement 1 Achat sur sol français : application de la LME du 01 janvier 2009 : 45 jours fin de mois date de livraison. 2 – Achat hors France : 45 jours fin de mois date de livraison. XI Juridiction De convention expresse, tous les litiges sont de la compétence du tribunal de commerce de Lons-Le-Saunier, même en cas de pluralité de défendeurs. L’acceptation de traite n’apporte ni novation, ni dérogation, à cette clause attributive de juridiction.

Sheet LISTE
A1: 600464 | B1: BTE DE 100 ATTACHES PLASTIQ. PR ARCHIV. | C1: 1 | D1: 21.3 | E1: =C1*D1 -> 21.3
A2: 904216 | B2: ETUI 2 FACES 30X21 (/10) | C2: 2 | D2: 6.61 | E2: =C2*D2 -> 13.22
A3: 114479 | B3: BIC BLEU | C3: 20 | D3: 0.39 | E3: =C3*D3 -> 7.8
A4: 114509 | B4: BIC NOIR | C4: 10 | D4: 0.42 | E4: =C4*D4 -> 4.2
A5: 114495 | B5: BIC ROUGE | C5: 10 | D5: 0.42 | E5: =C5*D5 -> 4.2
A6: 403217 | B6: PILOT V BALL VERT 0,7 | C6: 2 | D6: 2.1 | E6: =C6*D6 -> 4.2
A7: 336234 | B7: PILOT V BALL ROUGE 0,7 | C7: 2 | D7: 2.1 | E7: =C7*D7 -> 4.2
A8: 535610 | B8: STABILO SWING COOL JAUNE /10 | C8: 1 | D8: 10.8 | E8: =C8*D8 -> 10.8
A9: 535653 | B9: STABILO SWING COOL BLEU /10 | C9: 1 | D9: 10.8 | E9: =C9*D9 -> 10.8
A10: 535629 | B10: STABILO SWING COOL VERT /10 | C10: 1 | D10: 10.8 | E10: =C10*D10 -> 10.8
A11: 535645 | B11: STABILO SWING COOL ROSE /10 | C11: 1 | D11: 10.8 | E11: =C11*D11 -> 10.8
A12: 296077 | B12: MARQUEUR NOIR PERMANENT | D12: 0.43 | E12: =C12*D12 -> 0
A13: 844255 | B13: DEVIDOIR METAL | C13: 2 | D13: 17.55 | E13: =C13*D13 -> 35.1
A14: 900362 | B14: TROMBONES 30mm BTE DE 100 | C14: 6 | D14: 0.41 | E14: =C14*D14 -> 2.46
A15: 208650 | B15: REGLE 30cm | C15: 4 | D15: 0.35 | E15: =C15*D15 -> 1.4
A16: 900907 | B16: POCHETTES PERFOREES | D16: 5.05 | E16: =C16*D16 -> 0
A17: 903660 | B17: POCHETTES DOCUMENT (A5) /250 | C17: 3 | D17: 24.5 | E17: =C17*D17 -> 73.5
A18: 900222 | B18: ENV. BLANCHE 114X162 C6 | C18: 1 | D18: 12.9 | E18: =C18*D18 -> 12.9
A19: 183940 | B19: DISQUETTES VERBATIM MF2HD #87410 | C19: 3 | D19: 5.74 | E19: =C19*D19 -> 17.22
A20: 494538 | B20: BLOC RHODIA 8,5x12 | C20: 4 | D20: 0.88 | E20: =C20*D20 -> 3.52
A21: 900303 | B21: ENV. BLANC. A FENETRE 162X229 /500 | C21: 2 | D21: 27.75 | E21: =C21*D21 -> 55.5
A22: 017950 | B22: BLOC RHODIA A4 80 FEUILLES | C22: 6 | D22: 3.39 | E22: =C22*D22 -> 20.34
A23: 211646 | B23: CLASSEUR GRIS DOS 8 CM | C23: 3 | D23: 2.04 | E23: =C23*D23 -> 6.12
A24: REGATA | B24: RAMETTE 500 FEUILLES PAPIER A4 80G | C24: 40 | D24: 3.18 | E24: =C24*D24 -> 127.2
A25: 423865 | B25: 200 ETIQUETTES LASER (A4/2) | D25: 15.05 | E25: =C25*D25 -> 0
A26: 736174 | B26: AGRAPHEUSE LEIZ 5548 | C26: 2 | D26: 17.35 | E26: =C26*D26 -> 34.7
A27: 296905 | B27: ARRACHE AGRAFES METAL | C27: 3 | D27: 1.02 | E27: =C27*D27 -> 3.06
A28: 410977 | B28: UNI PAINT POINTE MOY. BLANC | C28: 6 | D28: 3.78 | E28: =C28*D28 -> 22.68
A29: 411050 | B29: UNI PAINT POINTE MOY. JAUNE | C29: 6 | D29: 3.78 | E29: =C29*D29 -> 22.68
A30: 087467 | B30: STAEDTLER PERMANENT PTE FINE NOIR | C30: 10 | D30: 1.65 | E30: =C30*D30 -> 16.5
A31: 087475 | B31: STAEDTLER PERMANENT PTE FINE ROUGE | C31: 10 | D31: 1.65 | E31: =C31*D31 -> 16.5
A32: 087491 | B32: STAEDTLER PERMANENT PTE FINE BLEU | C32: 10 | D32: 1.65 | E32: =C32*D32 -> 16.5
A33: 399612 | B33: PACK 10 DVD-R 4,7GO 16X | C33: 1 | D33: 13.71 | E33: =C33*D33 -> 13.71
E34: =C34*D34 -> 0
E35: =C35*D35 -> 0
E36: =C36*D36 -> 0
E37: =C37*D37 -> 0
E38: =C38*D38 -> 0
E39: =C39*D39 -> 0
E40: =C40*D40 -> 0
E41: =C41*D41 -> 0
E42: =C42*D42 -> 0
E43: =C43*D43 -> 0
E44: =C44*D44 -> 0
E45: =C45*D45 -> 0
... E83: =C83*D83 -> 0
